 Dungeon Crawl Stone Soup version 0.21.1-1-g345015fe64 (webtiles) character file.

720 Redear the Grappler (level 7, -2/66 HPs)
             Began as a Troll Monk on Mar 10, 2018.
             Slain by Unreal's ghost (19 damage)
             ... on level 5 of the Dungeon.
             The game lasted 00:10:00 (2305 turns).

Redear the Grappler (Troll Monk)                    Turns: 2305, Time: 00:10:01

Health: -2/66      AC: -3    Str: 25    XL:     7   Next: 42%
Magic:  6/6        EV: 10    Int:  6    God:
Gold:   111        SH:  0    Dex: 14    Spells: 6/6 levels left

rFire    . . .     SeeInvis .     - Unarmed
rCold    . . .     Gourm    +   (no shield)
rNeg     . . .     Faith    .   a - +0 robe
rPois    .         Spirit   .   (helmet restricted)
rElec    .         Reflect  .   (no cloak)
rCorr    .         Harm     .   (gloves unavailable)
MR       .....                  (boots unavailable)
Stlth    ++........             (no amulet)
HPRegen  0.61/turn              (no ring)
MPRegen  0.10/turn              (no ring)

@: mighty, lethally poisoned (-2 -> -2), corroded
A: large, unfitting armour, claws 3, fast metabolism 3, gourmand, regeneration
1, shaggy fur 1, tough skin 2
a: no special abilities


You were on level 5 of the Dungeon.
You were very full.

You visited 2 branches of the dungeon, and saw 7 of its levels.

You collected 111 gold pieces.

Inventory:

Hand Weapons
 p - a +0 arbalest
Missiles
 l - 43 stones (quivered)
Armour
 a - a +0 robe (worn)
Wands
 d - a wand of acid (6)
Scrolls
 c - 5 scrolls of identify {unknown}
 g - 4 scrolls of teleportation {unknown}
 j - a scroll of magic mapping {unknown}
 m - a scroll of amnesia {unknown}
 n - a scroll of fog {unknown}
Potions
 e - a potion of heal wounds {unknown}
 f - a potion of might
 h - a potion of haste {unknown}
 i - a potion of resistance {unknown}
 k - 4 potions of degeneration {unknown}
Comestibles
 b - 9 rations
 o - 4 chunks of flesh


   Skills:
 - Level 2.4 Fighting
 - Level 2.4 Dodging
 - Level 1.0 Stealth
 + Level 8.8 Unarmed Combat


You had 6 spell levels left.
You didn't know any spells.

Dungeon Overview and Level Annotations

Branches:
Dungeon (6/15)             Temple (1/1) D:4

Altars:
Cheibriados
Dithmenos
Elyvilon
Gozag
Nemelex Xobeh
Okawaru
Qazlal
Ru
Trog
Vehumet
Wu Jian
Xom
Yredelemnul
The Shining One

Annotations:
D:5 Unreal's ghost, novice MiGl


Innate Abilities, Weirdness & Mutations

You are too large for most types of armour.
You have claws for hands.
Your metabolism is lightning-fast.
You like to eat raw meat.
Your natural rate of healing is unusually fast.
You are covered in fur. (AC +1)
You have very tough skin. (AC +2)


Message History

You mangle the sky beast!!
The sky beast is almost dead.
The sky beast barely misses you.
Some of the chunks of flesh in your inventory have rotted away.
You scratch the sky beast.
You kill the sky beast!
You scratch Unreal's ghost.
Unreal's ghost is lightly damaged.
You feel sick.
You barely miss Unreal's ghost.
Unreal's ghost is lightly damaged.
Unreal's ghost barely misses you.
You closely miss Unreal's ghost.
Unreal's ghost is lightly damaged.
You feel sick. Unreal's ghost hits you.
* * * LOW HITPOINT WARNING * * *
You claw Unreal's ghost!
Unreal's ghost is lightly damaged.
Unreal's ghost hits you!!
You die...

W.#####
#.<.........
..........
.........
......
###..#.##
#.?.....#
#.###†..#
#%..W@#.#
####..####..
#...........
#..W...####.
###.#### #.#
#.# ##.#
#.)#


You could see Unreal's ghost.

Vanquished Creatures
  A sky beast (D:5)
  A necrophage (D:6)
  3 ogres (D:4)
  A quasit (D:5)
  3 orc wizards
  A hound (D:4)
  An iguana (D:5)
  A worker ant (D:4)
  3 adders
  A worm (D:2)
  2 dart slugs
  5 leopard geckos
  10 orcs
  3 bats
  4 giant cockroaches
  3 goblins
  4 hobgoblins
  7 jackals
  4 kobolds
  A quokka (D:5)
  2 frilled lizards (D:3)
  A quokka zombie (D:5)
  3 rats
65 creatures vanquished.

Vanquished Creatures (others)
  A frilled lizard (D:5)
1 creature vanquished.

Grand Total: 66 creatures vanquished

Notes
Turn   | Place    | Note
-------+----------+-------------------------------------------
     0 | D:1      | Redear the Troll Monk began the quest for the Orb.
     0 | D:1      | Reached XP level 1. HP: 22/22 MP: 0/0
   124 | D:1      | Reached XP level 2. HP: 27/29 MP: 1/1
   245 | D:2      | Reached skill level 4 in Unarmed Combat
   410 | D:3      | Reached XP level 3. HP: 36/36 MP: 2/2
  1196 | D:4      | Noticed an ogre
  1205 | D:4      | Killed an ogre
  1205 | D:4      | Reached skill level 5 in Unarmed Combat
  1205 | D:4      | Reached XP level 4. HP: 33/44 MP: 3/3
  1205 | D:4      | Reached XP level 5. HP: 37/50 MP: 4/4
  1234 | D:4      | Noticed an ogre
  1243 | D:4      | Killed an ogre
  1243 | D:4      | Reached skill level 6 in Unarmed Combat
  1354 | D:4      | Noticed an ogre
  1370 | D:4      | Killed an ogre
  1370 | D:4      | Reached skill level 7 in Unarmed Combat
  1370 | D:4      | Reached XP level 6. HP: 33/59 MP: 5/5
  1448 | D:4      | Found a staircase to the Ecumenical Temple.
  1454 | Temple   | Entered the Ecumenical Temple
  1985 | D:5      | Entered Level 5 of the Dungeon
  2193 | D:5      | Reached skill level 8 in Unarmed Combat
  2193 | D:5      | Reached XP level 7. HP: 55/66 MP: 6/6
  2213 | D:5      | Noticed Unreal's ghost (novice MiGl)
  2305 | D:5      | Slain by Unreal's ghost

Skill      XL: |  1  2  3  4  5  6 |
---------------+-------------------+-----
Unarmed Combat | 4 5 7 8 |  8.8
Fighting       | |  2.4
Dodging        | |  2.4
Stealth        | |  1.0

Action                   |  1- 3 |  4- 6 |  7- 9 || total
-------------------------+-------+-------+-------++-------
Melee: Unarmed           |    93 |    56 |    21 ||   170
       Punch             |     3 |     4 |     1 ||     8
  Use: Potion            |       |       |     1 ||     1
 Stab: Sleeping          |     2 |       |       ||     2
  Eat: Chunk             |    16 |     9 |       ||    25
Armor: Robe              |    41 |    15 |     4 ||    60
Dodge: Dodged            |    75 |    24 |    19 ||   118
